[Event "VIII Open Semana Santa-B 2024"]
[Site "San Vicente del Raspeig"]
[Date "2024.03.29"]
[Round "4.3"]
[White "Zhuravlev, Matvey R"]
[Black "Ashton, Alannah"]
[Result "1/2-1/2"]
[ECO "A49"]
[WhiteElo "1774"]
[BlackElo "1839"]
[Annotator "NA RC"]
[PlyCount "61"]
[EventDate "2024.03.27"]
[EventType "swiss"]
[EventCountry "ESP"]
[SourceTitle "playchess.com"]
[Source "ChessBase"]
[SourceQuality "1"]
[TimeControl "5400+30"]

1. d4 Nf6 2. Nf3 g6 3. g3 c6 4. Bg2 d5 5. c4 dxc4 6. Ne5 Be6 7. O-O Bg7 8. Na3 Bd5 9. Naxc4 Bxg2 10. Kxg2 O-O 11. Qd3 Nbd7 12. e4 b5 13. Nxd7 Nxd7 $17 14. Nd2 Nc5 15. Qa3 Qxd4 16. Nf3 Qc4 17. Bg5 Nxe4 18. Rac1 Qd5 19. Rfd1 Qf5 20. Bxe7 Rfc8 21. Bb4 c5 22. Be1 Bh6 23. Rb1 Bg7 24. Qa6 c4 25. Nh4 Qh5 26. Qb7 Nf6 27. Bc3 Qg4 28. Qxb5 Qe4+ 29. Kg1 Ng4 30. Bxg7 Kxg7 31. Qd5 1/2-1/2

[Event "VIII Open Semana Santa-B 2024"]
[Site "San Vicente del Raspeig"]
[Date "2024.03.29"]
[Round "4.4"]
[White "Almache Montoya, Jefferson"]
[Black "Herrera Pezo, Enoch"]
[Result "0-1"]
[ECO "B20"]
[WhiteElo "1697"]
[BlackElo "1831"]
[Annotator "NA RC"]
[PlyCount "68"]
[EventDate "2024.03.27"]
[EventType "swiss"]
[EventCountry "ESP"]
[SourceTitle "playchess.com"]
[Source "ChessBase"]
[SourceQuality "1"]
[TimeControl "5400+30"]

1. e4 c5 2. a3 Nc6 3. b4 d6 4. b5 Nb8 5. c4 Nf6 6. d3 g6 7. Bb2 Nbd7 8. h3 Bg7 9. g4 O-O 10. Bg2 e6 11. Ne2 d5 12. e5 Ne8 13. f4 Qh4+ 14. Kf1 f6 15. Nd2 fxe5 16. Nf3 Qe7 17. cxd5 exd5 18. Kg1 exf4 19. Bxg7 Nxg7 20. Kh2 Nf6 21. Re1 Qd6 22. Rc1 Bd7 23. Qb3 Rae8 24. Kh1 Re3 25. Nxf4 Qxf4 26. Rxe3 Qxe3 27. Re1 c4 28. Qb4 Qxd3 29. Ne5 Qb3 30. Qd6 Qxb5 31. Rf1 Nge8 32. Qe7 g5 33. h4 h6 34. hxg5 hxg5 0-1

[Event "VIII Open Semana Santa-B 2024"]
[Site "San Vicente del Raspeig"]
[Date "2024.03.29"]
[Round "4.5"]
[White "Garcia Ruano, Juan Carlos"]
[Black "Safir, Iaroslav"]
[Result "1/2-1/2"]
[ECO "B30"]
[WhiteElo "1885"]
[BlackElo "1705"]
[Annotator "NA RC"]
[PlyCount "35"]
[EventDate "2024.03.27"]
[EventType "swiss"]
[EventCountry "ESP"]
[SourceTitle "playchess.com"]
[Source "ChessBase"]
[SourceQuality "1"]
[TimeControl "5400+30"]

1. e4 c5 2. Nf3 Nc6 3. b3 b6 4. Bb2 Bb7 5. Bc4 e6 6. O-O d6 7. d4 cxd4 8. Nxd4 Nf6 9. Bb5 Qc7 10. f3 Be7 11. c4 O-O 12. Bxc6 Bxc6 13. Nxc6 Qxc6 14. Nc3 Qc5+ 15. Kh1 Rfd8 16. Qe2 Rac8 17. Rfd1 Nh5 18. Qd2 1/2-1/2

[Event "VIII Open Semana Santa-B 2024"]
[Site "San Vicente del Raspeig"]
[Date "2024.03.29"]
[Round "5.1"]
[White "Herrera Pezo, Enoch"]
[Black "Ruiz de Leon Merlo, Esther"]
[Result "1-0"]
[ECO "B40"]
[WhiteElo "1831"]
[BlackElo "1873"]
[Annotator "NA RC"]
[PlyCount "63"]
[EventDate "2024.03.27"]
[EventType "swiss"]
[EventCountry "ESP"]
[SourceTitle "playchess.com"]
[Source "ChessBase"]
[SourceQuality "1"]
[TimeControl "5400+30"]

1. e4 c5 2. Nf3 e6 3. d4 cxd4 4. Nxd4 Nf6 5. Bd3 Nc6 6. Nf3 d5 7. e5 Nd7 8. Bf4 Qc7 9. Qe2 Nb4 10. O-O Be7 11. Nc3 a6 12. Bg3 Nb6 13. Nd2 Bd7 14. f4 Na4 15. Nxa4 Bxa4 16. b3 Bd7 17. c4 dxc4 18. Bxc4 b5 19. Bd3 Nxd3 20. Qxd3 Rd8 21. Rac1 Qa5 22. Ne4 b4 23. Nd6+ Bxd6 24. Qxd6 Bb5 25. Qc5 Qxa2 26. Bh4 f6 27. exf6 Rd7 28. Qc8+ Kf7 29. Qxh8 Kg6 30. Qe8+ Rf7 31. Qxe6 Bd7 32. f5+ 1-0

[Event "VIII Open Semana Santa-B 2024"]
[Site "San Vicente del Raspeig"]
[Date "2024.03.29"]
[Round "5.2"]
[White "Torralba Brosa, Marc"]
[Black "Vila Castillo, Jaime"]
[Result "1-0"]
[ECO "B33"]
[WhiteElo "1869"]
[BlackElo "1812"]
[Annotator "NA RC"]
[PlyCount "141"]
[EventDate "2024.03.27"]
[EventType "swiss"]
[EventCountry "ESP"]
[SourceTitle "playchess.com"]
[Source "ChessBase"]
[SourceQuality "1"]
[TimeControl "5400+30"]

1. e4 c5 2. Nf3 Nc6 3. d4 cxd4 4. Nxd4 Nf6 5. Nc3 e5 6. Ndb5 d6 7. Bg5 a6 8. Na3 Be7 9. Bxf6 Bxf6 10. Nd5 O-O 11. Bd3 b5 12. c3 Be6 13. Nc2 Bxd5 14. exd5 Ne7 15. Qh5 g6 16. Qf3 Bg7 17. g4 f5 18. gxf5 Nxf5 19. Qg4 Qc8 20. Nb4 Ne7 21. Qg2 Qc5 22. Be2 a5 23. Nc6 Nxc6 24. dxc6 d5 25. Rd1 e4 26. O-O Qxc6 27. Bg4 Rad8 28. Qh3 Rfe8 29. Rfe1 h5 30. Be2 Qc5 31. Qg2 Qb6 32. Bf1 Re5 33. Re3 Bh6 34. Rg3 Kh7 35. Qh3 e3 36. fxe3 Bxe3+ 37. Kh1 d4 38. Qg2 Bf4 39. Rgd3 Be3 40. Qf3 Rf5 41. Qe4 Rf4 42. Qe7+ Kh6 43. Bg2 Qd6 44. Rxe3 Qxe7 45. Rxe7 d3 46. Re3 Rf2 47. Rexd3 Rxd3 48. Rxd3 Rxb2 49. Bd5 Rc2 50. h4 Kg7 51. Rf3 Kh6 52. Rg3 Rd2 53. Bf7 Rd6 54. Kg2 Kg7 55. Rf3 Rd2+ 56. Kg3 Rd7 57. Be8 Rb7 58. Rd3 Rb6 59. Rd5 b4 60. c4 b3 61. axb3 Rxb3+ 62. Kf2 Rb4 63. c5 a4 64. c6 a3 65. Ra5 Rb2+ 66. Ke3 a2 67. Kd3 Rb1 68. Rxa2 Rc1 69. Rc2 Rd1+ 70. Ke2 Rd8 71. Bd7 1-0

[Event "VIII Open Semana Santa-B 2024"]
[Site "San Vicente del Raspeig"]
[Date "2024.03.29"]
[Round "5.3"]
[White "Van Ree, Thailo"]
[Black "Zhuravlev, Matvey R"]
[Result "0-1"]
[ECO "D02"]
[WhiteElo "1841"]
[BlackElo "1774"]
[Annotator "NA RC"]
[PlyCount "60"]
[EventDate "2024.03.27"]
[EventType "swiss"]
[EventCountry "ESP"]
[SourceTitle "playchess.com"]
[Source "ChessBase"]
[SourceQuality "1"]
[TimeControl "5400+30"]

1. d4 d5 2. Nf3 Nf6 3. Bf4 e6 4. e3 c5 5. c3 Nc6 6. Nbd2 cxd4 7. exd4 Nh5 8. Bg3 Bd6 9. Bxd6 Qxd6 10. Ne5 g6 11. Ndf3 O-O 12. Qd2 f6 13. Nxc6 bxc6 14. Be2 Nf4 15. O-O e5 16. dxe5 fxe5 17. h3 e4 18. Nh2 Qf6 19. Bg4 Qg5 20. Qe3 h5 21. g3 hxg4 22. gxf4 Rxf4 23. Kh1 gxh3 24. Rg1 Qf5 25. Rxg6+ Qxg6 26. Rg1 Rg4 27. Nxg4 Bxg4 28. Rg3 Kh7 29. Qf4 Rg8 30. Kh2 Rg7 0-1

[Event "VIII Open Semana Santa-B 2024"]
[Site "San Vicente del Raspeig"]
[Date "2024.03.29"]
[Round "5.4"]
[White "Ashton, Alannah"]
[Black "Elizondo Marquet, Juan Marcos"]
[Result "1-0"]
[ECO "B63"]
[WhiteElo "1839"]
[BlackElo "1813"]
[Annotator "NA RC"]
[PlyCount "117"]
[EventDate "2024.03.27"]
[EventType "swiss"]
[EventCountry "ESP"]
[SourceTitle "playchess.com"]
[Source "ChessBase"]
[SourceQuality "1"]
[TimeControl "5400+30"]

1. e4 c5 2. Nf3 d6 3. d4 cxd4 4. Nxd4 Nf6 5. Nc3 Nc6 6. Bg5 e6 7. Qd3 Be7 8. O-O-O Nxd4 9. Qxd4 O-O 10. h4 Qa5 11. Qd2 a6 12. Kb1 Qc7 13. h5 b5 14. Qf4 e5 15. Qg3 Bb7 16. Bh6 g6 17. Bxf8 Rxf8 18. hxg6 fxg6 19. Bd3 b4 20. Nd5 Bxd5 21. exd5 e4 22. Bxa6 Ra8 23. Bb5 Qa5 24. Bc4 Rf8 25. Rh6 Rf7 26. Rdh1 Qc5 27. Bb3 Qd4 28. Qh3 Qxf2 29. Rxg6+ Kh8 30. Qc8+ Rf8 31. Qa6 Nd7 32. Rgh6 Rf7 33. R6h2 Bf6 34. Qc8+ Nf8 35. Rxh7+ Kg8 36. Qg4+ Rg7 37. Rxg7+ Bxg7 38. Qxe4 Qf6 39. Kc1 Qxb2+ 40. Kd2 Qc3+ 41. Ke2 Qg3 42. Rf1 Bh6 43. Rf2 Qg5 44. Qd4 Qh5+ 45. Ke1 Qe8+ 46. Kf1 Qh5 47. Qxb4 Qh1+ 48. Ke2 Qh5+ 49. Rf3 Qe5+ 50. Kf2 Bg5 51. Qg4 Qg7 52. Rg3 Nh7 53. Qe6+ Kh8 54. Qe8+ Nf8 55. Qh5+ Nh7 56. Rxg5 Qd4+ 57. Kf3 Qd1+ 58. Kg3 Qe1+ 59. Kh2 1-0

[Event "VIII Open Semana Santa-B 2024"]
[Site "San Vicente del Raspeig"]
[Date "2024.03.29"]
[Round "5.5"]
[White "Safir, Iaroslav"]
[Black "Mestres Pamies, Xavier"]
[Result "1-0"]
[ECO "D02"]
[WhiteElo "1705"]
[BlackElo "1838"]
[Annotator "NA RC"]
[PlyCount "61"]
[EventDate "2024.03.27"]
[EventType "swiss"]
[EventCountry "ESP"]
[SourceTitle "playchess.com"]
[Source "ChessBase"]
[SourceQuality "1"]
[TimeControl "5400+30"]

1. Nf3 Nf6 2. g3 c5 3. Bg2 d5 4. O-O Nc6 5. d4 cxd4 6. Nxd4 e5 7. Nxc6 bxc6 8. c4 h6 9. Nc3 Be6 10. Qa4 Qd7 11. cxd5 cxd5 12. Qxd7+ Kxd7 13. Rd1 Kc6 14. Be3 Bc5 15. Bxc5 Kxc5 16. Rac1 Kd6 17. Nxd5 Nxd5 18. Bxd5 Bxd5 19. e4 Rhc8 20. Rxd5+ Ke6 21. Rxc8 Rxc8 22. Ra5 Rc7 23. Kg2 f6 24. Kf3 Kf7 25. b4 Kg6 26. b5 Rc3+ 27. Ke2 Rc7 28. a4 Kg5 29. h3 g6 30. Ra6 f5 31. f3 1-0

[Event "VIII Open Semana Santa-B 2024"]
[Site "San Vicente del Raspeig"]
[Date "2024.03.29"]
[Round "5.6"]
[White "Pardo Ruiz, Beatriz"]
[Black "Pastor Marti, Jaume"]
[Result "1-0"]
[ECO "B13"]
[WhiteElo "1757"]
[BlackElo "1822"]
[Annotator "NA RC"]
[PlyCount "45"]
[EventDate "2024.03.27"]
[EventType "swiss"]
[EventCountry "ESP"]
[SourceTitle "playchess.com"]
[Source "ChessBase"]
[SourceQuality "1"]
[TimeControl "5400+30"]

1. e4 c6 2. d4 d5 3. exd5 cxd5 4. Bd3 Nc6 5. c3 Nf6 6. h3 e5 7. dxe5 Nxe5 8. Bc2 h6 9. Ne2 Bd6 10. O-O O-O 11. Bf4 Qb6 12. Bb3 Be6 13. Nd4 Ng6 14. Bxd6 Qxd6 15. Nd2 Rad8 16. Re1 a6 17. Qc2 Bd7 18. Rad1 Rfe8 19. N2f3 Rxe1+ 20. Rxe1 b5 21. a3 a5 22. Qd2 Ne4 23. Qc2 1-0

[Event "VIII Open Semana Santa-B 2024"]
[Site "San Vicente del Raspeig"]
[Date "2024.03.29"]
[Round "5.7"]
[White "Galiana Fernandez, Hector"]
[Black "Garcia Ruano, Juan Carlos"]
[Result "0-1"]
[ECO "B31"]
[WhiteElo "1754"]
[BlackElo "1885"]
[Annotator "NA RC"]
[PlyCount "52"]
[EventDate "2024.03.27"]
[EventType "swiss"]
[EventCountry "ESP"]
[SourceTitle "playchess.com"]
[Source "ChessBase"]
[SourceQuality "1"]
[TimeControl "5400+30"]

1. e4 c5 2. Nf3 Nc6 3. Bb5 g6 4. c3 Bg7 5. d4 cxd4 6. cxd4 Qb6 7. Bxc6 bxc6 8. Nc3 Ba6 9. Na4 Qb5 10. Nc5 d6 11. Nxa6 Qxa6 12. Qc2 Nf6 13. Bd2 O-O 14. h4 d5 15. e5 Ne4 16. Ng5 Nxd2 17. Qxd2 c5 18. h5 f6 19. hxg6 fxg5 20. gxh7+ Kh8 21. Qxg5 cxd4 22. f4 Qd3 23. Rh3 Qe4+ 24. Kd1 Rxf4 25. Rg3 Rf1+ 26. Kd2 Rf2+ 0-1

[Event "VIII Open Semana Santa-B 2024"]
[Site "San Vicente del Raspeig"]
[Date "2024.03.29"]
[Round "5.8"]
[White "Perea Sardon, Francisco Javier"]
[Black "Carretero Ajo, Jesus"]
[Result "0-1"]
[ECO "D04"]
[WhiteElo "1749"]
[BlackElo "1876"]
[Annotator "NA RC"]
[PlyCount "50"]
[EventDate "2024.03.27"]
[EventType "swiss"]
[EventCountry "ESP"]
[SourceTitle "playchess.com"]
[Source "ChessBase"]
[SourceQuality "1"]
[TimeControl "5400+30"]

1. d4 d5 2. Nf3 Nf6 3. e3 c5 4. b3 Nc6 5. Bb2 cxd4 6. exd4 Bf5 7. a3 e6 8. Nh4 Bg4 9. Nf3 Qb6 10. Be2 Be7 11. O-O h6 12. h3 Bh5 13. Re1 O-O 14. Nbd2 Rac8 15. Bd3 Qc7 16. g4 Bg6 17. Bxg6 fxg6 18. Rc1 Qf4 19. Qe2 Ne4 20. Nxe4 dxe4 21. Qxe4 Qxf3 22. Qxe6+ Kh7 23. Re2 Bh4 24. d5 Bxf2+ 25. Kh2 Qg3+ 0-1

[Event "VIII Open Semana Santa-B 2024"]
[Site "San Vicente del Raspeig"]
[Date "2024.03.30"]
[Round "6.1"]
[White "Amoros Moran, Jose Joaquin"]
[Black "Herrera Pezo, Enoch"]
[Result "1-0"]
[ECO "A08"]
[WhiteElo "1883"]
[BlackElo "1831"]
[Annotator "NA RC COMBH"]
[PlyCount "77"]
[EventDate "2024.03.27"]
[EventType "swiss"]
[EventCountry "ESP"]
[SourceTitle "playchess.com"]
[Source "ChessBase"]
[SourceQuality "1"]
[TimeControl "5400+30"]

1. e4 c5 2. Nf3 e6 3. Qe2 Nc6 4. g3 Nge7 5. Bg2 g6 6. O-O Bg7 7. c3 O-O 8. d3 d5 9. e5 d4 10. c4 Rb8 11. a4 a6 12. Bg5 Qc7 13. Bf4 Bd7 14. Nbd2 b5 15. axb5 axb5 16. b3 h6 17. h4 Na5 18. Rfb1 bxc4 19. bxc4 Rxb1+ 20. Rxb1 Bc6 21. Ne4 Bxe4 22. Qxe4 Rb8 23. Re1 Nac6 24. Nh2 Rb3 25. Ng4 Kh7 26. h5 Qa5 27. hxg6+ fxg6 28. Nf6+ Kh8 29. Bf1 Bf8 30. g4 Nb4 31. Qh1 Ng8 32. Qb7 Bg7 33. Qc8 Bxf6 34. exf6 Qa7 35. Qe8 Kh7 36. f7 Nf6 37. f8=Q Nxe8 38. Qxe8 Nc2 39. Rxe6 1-0

[Event "VIII Open Semana Santa-B 2024"]
[Site "San Vicente del Raspeig"]
[Date "2024.03.30"]
[Round "6.2"]
[White "Zhuravlev, Matvey R"]
[Black "Torralba Brosa, Marc"]
[Result "1-0"]
[ECO "D85"]
[WhiteElo "1774"]
[BlackElo "1869"]
[Annotator "NA RC COMBH"]
[PlyCount "71"]
[EventDate "2024.03.27"]
[EventType "swiss"]
[EventCountry "ESP"]
[SourceTitle "playchess.com"]
[Source "ChessBase"]
[SourceQuality "1"]
[TimeControl "5400+30"]

1. d4 Nf6 2. c4 g6 3. Nc3 d5 4. cxd5 Nxd5 5. e4 Nxc3 6. bxc3 Bg7 7. Nf3 c5 8. Bb5+ Nc6 9. Bxc6+ bxc6 10. O-O O-O 11. Qc2 cxd4 12. cxd4 Bg4 13. Ne5 Bd7 14. Be3 Qc7 15. Nxd7 Qxd7 16. Qc5 Rab8 17. a4 Rb6 18. Rac1 Rfb8 19. Rc4 Rb1 20. Rfc1 e6 21. h3 Rxc1+ 22. Rxc1 Rb6 23. d5 exd5 24. exd5 Bf8 25. dxc6 Qc8 26. Qd5 Ra6 27. c7 Bd6 28. Bf4 Be7 29. Rd1 Rxa4 30. Qd8+ Bxd8 31. Rxd8+ Kg7 32. Be5+ f6 33. Rxc8 fxe5 34. Rg8+ Kxg8 35. c8=Q+ Kg7 36. Qd7+ 1-0

[Event "VIII Open Semana Santa-B 2024"]
[Site "San Vicente del Raspeig"]
[Date "2024.03.30"]
[Round "6.3"]
[White "Safir, Iaroslav"]
[Black "Ashton, Alannah"]
[Result "0-1"]
[ECO "D77"]
[WhiteElo "1705"]
[BlackElo "1839"]
[Annotator "NA RC COMBH"]
[PlyCount "82"]
[EventDate "2024.03.27"]
[EventType "swiss"]
[EventCountry "ESP"]
[SourceTitle "playchess.com"]
[Source "ChessBase"]
[SourceQuality "1"]
[TimeControl "5400+30"]

1. Nf3 Nf6 2. g3 g6 3. Bg2 Bg7 4. O-O O-O 5. d4 d5 6. c4 dxc4 7. Qa4 Be6 8. Na3 c6 9. Qb4 b5 10. Ng5 Bf5 11. Nxb5 h6 12. e4 Bg4 13. e5 Nd5 14. Bxd5 cxd5 15. h3 Bd7 16. Nf3 Qb6 17. Qxe7 Bxb5 18. Re1 Qe6 19. Qh4 g5 20. Qh5 Be8 21. Qg4 Qxg4 22. hxg4 Bd7 23. Nh2 Nc6 24. Be3 Nb4 25. Rec1 Nd3 26. Rc2 Ba4 27. Rd2 Rab8 28. b3 Bb5 29. bxc4 dxc4 30. f4 c3 31. Rc2 Rfc8 32. a4 Nb4 33. Rcc1 Ba6 34. Ra3 c2 35. Raa1 Nd3 36. Rf1 Nb2 37. Rfc1 Nc4 38. Kf2 Na5 39. Ra2 Bd3 40. Nf3 Nb3 41. Rg1 c1=Q 0-1

[Event "VIII Open Semana Santa-B 2024"]
[Site "San Vicente del Raspeig"]
[Date "2024.03.30"]
[Round "6.4"]
[White "Carretero Ajo, Jesus"]
[Black "Pardo Ruiz, Beatriz"]
[Result "1-0"]
[ECO "B22"]
[WhiteElo "1876"]
[BlackElo "1757"]
[Annotator "NA RC COMBH"]
[PlyCount "39"]
[EventDate "2024.03.27"]
[EventType "swiss"]
[EventCountry "ESP"]
[SourceTitle "playchess.com"]
[Source "ChessBase"]
[SourceQuality "1"]
[TimeControl "5400+30"]

1. e4 c5 2. c3 d5 3. exd5 Qxd5 4. d4 Nf6 5. Nf3 Nc6 6. Be2 cxd4 7. cxd4 e6 8. Nc3 Qd6 9. O-O Be7 10. Bc4 Nb4 11. Qe2 O-O 12. Bg5 Nbd5 13. Rad1 a6 14. Rfe1 Bd8 15. a4 b6 16. Ne4 Nxe4 17. Qxe4 f6 18. Bc1 Re8 19. Bxd5 Rb8 20. Bf4 1-0

[Event "VIII Open Semana Santa-B 2024"]
[Site "San Vicente del Raspeig"]
[Date "2024.03.30"]
[Round "6.5"]
[White "Garcia Ruano, Juan Carlos"]
[Black "Jayawarna, Thisumi"]
[Result "1/2-1/2"]
[ECO "B40"]
[WhiteElo "1885"]
[BlackElo "1774"]
[Annotator "NA RC COMBH"]
[PlyCount "150"]
[EventDate "2024.03.27"]
[EventType "swiss"]
[EventCountry "ESP"]
[SourceTitle "playchess.com"]
[Source "ChessBase"]
[SourceQuality "1"]
[TimeControl "5400+30"]

1. e4 c5 2. Nf3 e6 3. b3 Nc6 4. Bb2 Qc7 5. c4 a6 6. Be2 Nf6 7. Nc3 Be7 8. O-O O-O 9. d4 cxd4 10. Nxd4 Rd8 11. Nxc6 dxc6 12. Qc1 e5 13. Ba3 Bxa3 14. Qxa3 Be6 15. Rad1 Rd4 16. f3 Rad8 17. Qc1 Nh5 18. Rxd4 exd4 19. Nb1 Nf4 20. Qd2 c5 21. Bd3 f6 22. g3 Nxd3 23. Qxd3 Qa5 24. Qd2 Qxd2 25. Nxd2 b5 26. Rc1 b4 27. Kf2 Kf7 28. Ke2 Ke7 29. h4 h5 30. Ra1 f5 31. a3 a5 32. axb4 axb4 33. Ra6 Rd6 34. Ra5 Rc6 35. f4 Rc7 36. Kd3 Kd7 37. Nf3 Kd6 38. Ng5 Bd7 39. Ra6+ Ke7 40. Nf3 fxe4+ 41. Kxe4 Bc6+ 42. Rxc6 Rxc6 43. Kd5 Rc8 44. Ne5 Rc7 45. Nd3 Rc8 46. Ne5 Kf6 47. Nd3 Kf5 48. Nf2 g6 49. Kd6 Kf6 50. Kd7 Ra8 51. Ne4+ Kf5 52. Nxc5 Ra3 53. Kd6 d3 54. Nxd3 Rxb3 55. Nc5 Rxg3 56. Na4 b3 57. c5 Rg2 58. c6 b2 59. c7 Rd2+ 60. Kc6 Rc2+ 61. Nc5 b1=Q 62. c8=Q+ Kxf4 63. Qf8+ Kg4 64. Qe7 Qh1+ 65. Kc7 Qc1 66. Qe6+ Kxh4 67. Qe4+ Kg3 68. Qxg6+ Kf2 69. Qf5+ Ke1 70. Qe4+ Kd1 71. Qf3+ Re2 72. Qxh5 Qf4+ 73. Kc6 Qf6+ 74. Kb5 Qb2+ 75. Kc6 Qf6+ 1/2-1/2

[Event "VIII Open Semana Santa-B 2024"]
[Site "San Vicente del Raspeig"]
[Date "2024.03.30"]
[Round "6.6"]
[White "Serna Puerto, Lorenzo"]
[Black "Garceran Perez, Alejandro"]
[Result "1/2-1/2"]
[ECO "C01"]
[WhiteElo "1825"]
[BlackElo "1661"]
[Annotator "NA RC"]
[PlyCount "129"]
[EventDate "2024.03.27"]
[EventType "swiss"]
[EventCountry "ESP"]
[SourceTitle "playchess.com"]
[Source "ChessBase"]
[SourceQuality "1"]
[TimeControl "5400+30"]

1. e4 e6 2. d4 d5 3. Bd3 dxe4 4. Bxe4 Nf6 5. Bf3 c5 6. Ne2 Nc6 7. Be3 cxd4 8. Nxd4 Ne5 9. O-O Be7 10. Nc3 O-O 11. Qe2 Nxf3+ 12. Qxf3 Qc7 13. Ndb5 Qb8 14. Rfe1 e5 15. Ne4 Bd7 16. Nxf6+ Bxf6 17. Qe2 a6 18. Nc3 Bc6 19. Bc5 Rc8 20. Bb6 e4 21. Nxe4 Qe5 22. c3 Bxe4 23. Qxe4 Qb5 24. Bd4 Bxd4 25. cxd4 Re8 26. Qc2 Qd5 27. Rxe8+ Rxe8 28. Qc5 Qxc5 29. dxc5 Re2 30. b4 Kf8 31. Kf1 Rb2 32. a3 Ke7 33. Rd1 Rb3 34. Rd6 Rxa3 35. Rb6 Rb3 36. Rxb7+ Ke6 37. Rb6+ Ke7 38. Ke2 Ra3 39. Rb7+ Ke6 40. Kd2 g5 41. Rb6+ Ke5 42. c6 Kd6 43. b5 Rb3 44. Rxa6 Rxb5 45. Ke3 f5 46. g3 Rb3+ 47. Ke2 f4 48. gxf4 gxf4 49. c7+ Kxc7 50. Rf6 Rh3 51. Rxf4 Rxh2 52. Rd4 Rh6 53. Ke3 Re6+ 54. Kf3 Rd6 55. Rh4 h6 56. Ke4 Kd7 57. f3 Ke7 58. Rh5 Kf7 59. Ke5 Ra6 60. Kf4 Kg6 61. Rd5 Ra4+ 62. Kg3 Ra6 63. Kg4 h5+ 64. Kg3 Rf6 65. Re5 1/2-1/2

[Event "VIII Open Semana Santa-B 2024"]
[Site "San Vicente del Raspeig"]
[Date "2024.03.30"]
[Round "6.7"]
[White "Prochaieva, Tina"]
[Black "Portillo Alcalde, Jose Maria"]
[Result "1/2-1/2"]
[ECO "E22"]
[WhiteElo "1792"]
[BlackElo "1632"]
[Annotator "NA RC COMBH"]
[PlyCount "67"]
[EventDate "2024.03.27"]
[EventType "swiss"]
[EventCountry "ESP"]
[SourceTitle "playchess.com"]
[Source "ChessBase"]
[SourceQuality "1"]
[TimeControl "5400+30"]

1. d4 Nf6 2. c4 e6 3. Nc3 Bb4 4. Qb3 c5 5. dxc5 Bxc5 6. Bg5 b6 7. Nf3 Bb7 8. Na4 Bxf2+ 9. Kxf2 Ne4+ 10. Kg1 Nxg5 11. Rd1 O-O 12. Qe3 Ne4 13. Rd4 Nf6 14. Nc3 Nc6 15. Rd2 a6 16. g3 Ne7 17. Bg2 Qc7 18. b3 Rac8 19. Ne5 Bxg2 20. Kxg2 d6 21. Nf3 d5 22. Na4 Rb8 23. Rc1 Qb7 24. Rdc2 Rfc8 25. c5 bxc5 26. Nxc5 Qb6 27. Qd3 Qd8 28. Nxa6 Rxc2 29. Rxc2 Rc8 30. Rxc8 Qxc8 31. Nb4 Nf5 32. Nc2 Ne4 33. Ne3 Nxe3+ 34. Qxe3 1/2-1/2

[Event "VIII Open Semana Santa-B 2024"]
[Site "San Vicente del Raspeig"]
[Date "2024.03.30"]
[Round "6.8"]
[White "Herrero Ferrando, Salvador"]
[Black "Carnero Rodriguez, Alvaro"]
[Result "1/2-1/2"]
[ECO "E68"]
[WhiteElo "1854"]
[BlackElo "1743"]
[Annotator "NA RC COMBH"]
[PlyCount "72"]
[EventDate "2024.03.27"]
[EventType "swiss"]
[EventCountry "ESP"]
[SourceTitle "playchess.com"]
[Source "ChessBase"]
[SourceQuality "1"]
[TimeControl "5400+30"]

1. d4 Nf6 2. c4 g6 3. Nf3 Bg7 4. g3 d6 5. Bg2 O-O 6. Nc3 Nbd7 7. O-O e5 8. e4 b6 9. Rb1 Bb7 10. d5 a5 11. b3 Nc5 12. Qc2 h6 13. Bh3 Bc8 14. Bxc8 Qxc8 15. Kg2 Nh5 16. Nh4 Kh7 17. Qe2 Bf6 18. Nf3 Qd7 19. Bd2 Bg7 20. Nh4 Nf6 21. h3 Ng8 22. Kh2 Ne7 23. Ng2 f5 24. f4 exf4 25. gxf4 fxe4 26. Nxe4 Nxe4 27. Qxe4 Rae8 28. Qd3 Nf5 29. Rbe1 Rxe1 30. Rxe1 Re8 31. Re4 Kg8 32. Qe2 Kf7 33. Rxe8 Qxe8 34. Qxe8+ Kxe8 35. Ne3 Kf7 36. Nxf5 gxf5 1/2-1/2

[Event "VIII Open Semana Santa-B 2024"]
[Site "San Vicente del Raspeig"]
[Date "2024.03.31"]
[Round "7.1"]
[White "Ashton, Alannah"]
[Black "Carretero Ajo, Jesus"]
[Result "0-1"]
[ECO "C02"]
[WhiteElo "1839"]
[BlackElo "1876"]
[Annotator "NA RC COMBH"]
[PlyCount "100"]
[EventDate "2024.03.27"]
[EventType "swiss"]
[EventCountry "ESP"]
[SourceTitle "playchess.com"]
[Source "ChessBase"]
[SourceQuality "1"]
[TimeControl "5400+30"]

1. e4 e6 2. d4 d5 3. e5 c5 4. c3 Nc6 5. Nf3 Qb6 6. Bd3 cxd4 7. O-O Bd7 8. Re1 Nge7 9. h4 Na5 10. Nxd4 Nec6 11. Nxc6 Nxc6 12. Qe2 Bc5 13. b4 Be7 14. Qg4 g6 15. a3 O-O-O 16. c4 dxc4 17. Qxc4 Qd4 18. Qc2 Kb8 19. Re4 Qxa1 20. Bb2 Nd4 21. Rxd4 Ba4 22. Bxa1 Bxc2 23. Bxc2 Rxd4 24. Bxd4 Rc8 25. Nc3 Rc4 26. Nb5 Rxc2 27. Bxa7+ Kc8 28. g3 Kd7 29. Bb8 Rd2 30. Nd6 Bxd6 31. Bxd6 Rd3 32. a4 f6 33. Bc5 fxe5 34. a5 Kc6 35. Kg2 Kb5 36. Kh3 h5 37. Kg2 Rc3 38. f3 Rxc5 39. bxc5 Kxc5 40. Kf2 Kb5 41. Ke3 Kxa5 42. Ke4 b5 43. Kxe5 b4 44. Kxe6 b3 45. Kf6 b2 46. Kxg6 b1=Q+ 47. Kg5 Qb5+ 48. Kf4 Qc4+ 49. Kf5 Qd5+ 50. Kf4 Qd4+ 0-1

[Event "VIII Open Semana Santa-B 2024"]
[Site "San Vicente del Raspeig"]
[Date "2024.03.31"]
[Round "7.2"]
[White "Herrera Pezo, Enoch"]
[Black "Zhuravlev, Matvey R"]
[Result "0-1"]
[ECO "B33"]
[WhiteElo "1831"]
[BlackElo "1774"]
[Annotator "NA RC COMBH"]
[PlyCount "60"]
[EventDate "2024.03.27"]
[EventType "swiss"]
[EventCountry "ESP"]
[SourceTitle "playchess.com"]
[Source "ChessBase"]
[SourceQuality "1"]
[TimeControl "5400+30"]

1. e4 c5 2. Nf3 Nc6 3. d4 cxd4 4. Nxd4 Nf6 5. Nc3 e5 6. Ndb5 d6 7. Bg5 a6 8. Na3 b5 9. Nd5 Be7 10. Bxf6 Bxf6 11. c3 O-O 12. Nc2 Rb8 13. Be2 Bg5 14. O-O Ne7 15. Nce3 Bxe3 16. Nxe3 Bb7 17. Bf3 Qc7 18. Qc2 f5 19. Rfd1 f4 20. Nf1 Ng6 21. Bg4 Kh8 22. Be6 Qe7 23. Bd5 f3 24. g3 Bc8 25. Qd2 Bh3 26. Ne3 Nf4 27. Bb3 Qg5 28. Bc2 Ne2+ 29. Qxe2 fxe2 30. Rxd6 Qxe3 0-1

[Event "VIII Open Semana Santa-B 2024"]
[Site "San Vicente del Raspeig"]
[Date "2024.03.31"]
[Round "7.3"]
[White "Mochon Bernal, Jorge"]
[Black "Garcia Ruano, Juan Carlos"]
[Result "0-1"]
[ECO "B23"]
[WhiteElo "1762"]
[BlackElo "1885"]
[Annotator "NA RC COMBH"]
[PlyCount "70"]
[EventDate "2024.03.27"]
[EventType "swiss"]
[EventCountry "ESP"]
[SourceTitle "playchess.com"]
[Source "ChessBase"]
[SourceQuality "1"]
[TimeControl "5400+30"]

1. e4 c5 2. Nc3 Nc6 3. Bb5 g6 4. Bxc6 dxc6 5. f4 Bg7 6. Nf3 Bg4 7. O-O Qc7 8. d3 O-O-O 9. Qe1 Bxf3 10. Rxf3 Bd4+ 11. Kh1 h5 12. Ne2 Bg7 13. Rb1 e6 14. b4 cxb4 15. Qxb4 c5 16. Qc4 Ne7 17. a4 Rd6 18. f5 gxf5 19. exf5 Nxf5 20. Rxf5 exf5 21. Bf4 Rb6 22. Bxc7 Rxb1+ 23. Ng1 Bd4 24. h3 Kxc7 25. Qxf7+ Kb6 26. c3 Bxg1 27. Qa2 Re1 28. Qb3+ Kc6 29. Qb5+ Kc7 30. Qc4 Rhe8 31. Qf4+ Kb6 32. a5+ Kxa5 33. Qc7+ Ka6 34. Qd6+ b6 35. g3 R8e2 0-1